 Dungeon Sprint DCSS version 0.17.0-28-g6e173f8 (webtiles) character file.

53385 Kidiri the Unseen (level 13, -15/69 HPs)
             Began as a Spriggan Enchanter on Nov 27, 2015.
             Was the Champion of Dithmenos.
             Demolished by an azure jelly (37 damage)
             ... in the Dungeon (Sprint III: "The Ten Rune Challenge").
             The game lasted 00:29:40 (6714 turns).

Kidiri the Unseen (Spriggan Enchanter)              Turns: 6714, Time: 00:29:40

Health: -15/69     AC:  3    Str:  4    XL:     13   Next: 74%
Magic:  12/34      EV: 37    Int: 19    God:    Dithmenos [******]
Gold:   2791       SH:  0    Dex: 22    Spells: 8 memorised, 10 levels left

rFire  . . .     SeeInvis +     u - +2 rapier (speed)
rCold  . . .     Clarity  +     v - +2 robe {rPois}
rNeg   . . .     SustAt   .     (shield restricted)
rPois  +         Gourm    .     i - +0 hat
rElec  .         Spirit   .     (no cloak)
rCorr  .         Warding  .     (gloves unavailable)
rMut   .         NoTele   +     (boots unavailable)
MR     +++..                    (no amulet)
Stlth  ++++++++++               (no ring)
                                j - ring "Isirr" {MR+ Dex+3}

@: wreathed by umbra, very quick, extremely resistant to hostile enchantments,
uncannily stealthy
A: unfitting armour, see invisible, clarity, deformed body, herbivore 3, speed
3, sense surroundings 2, slow metabolism 2, evolution 1
a: Shadow Step, Shadow Form, Renounce Religion
}: 1/10 runes: serpentine


You were in the Dungeon.
You worshipped Dithmenos.
Dithmenos was exalted by your worship.
You were not hungry.

You visited 1 branch You collected 3796 gold pieces.
You spent 1005 gold pieces at shops.

Inventory:

Hand Weapons
 u - a +2 rapier of speed (weapon)
Armour
 i - a +0 hat (worn)
 v - a +2 robe of poison resistance (worn)
Jewellery
 j - the ring "Isirr" (left hand) {MR+ Dex+3}
   (You bought it in a shop in the Dungeon)

   [ring of dexterity]

   It affects your dexterity (+3).
   It affects your resistance to hostile enchantments.
Wands
 t - a wand of digging (13)
Scrolls
 k - 2 scrolls of holy word
 m - 2 scrolls of remove curse
 q - a scroll of fear
Potions
 c - 4 potions of heal wounds
 d - a potion of agility {unknown}
 e - 10 potions of curing
 g - 2 potions of haste
 h - 2 potions of magic
 l - a potion of berserk rage
 o - 2 potions of cure mutation
 p - 2 potions of flight
 s - a potion of might
Comestibles
 n - 10 fruits
 r - 29 royal jellies


   Skills:
 + Level 8.7 Fighting
 * Level 15.2 Short Blades
 + Level 7.8 Armour
 * Level 19.1 Dodging
 * Level 20.9 Stealth
 * Level 16.7 Spellcasting
 + Level 7.5 Conjurations
 + Level 12.2 Hexes
 + Level 7.6 Summonings
 + Level 13.1 Translocations
 + Level 8.5 Ice Magic
 - Level 2.2 Invocations


You had 10 spell levels left.
You knew the following spells:

 Your Spells              Type           Power        Failure   Level  Hunger
a - Corona                Hex            ######.      1%          1    None
b - Ensorcelled Hibernat  Hex/Ice        ######       1%          2    None
c - Confuse               Hex            ######..     1%          3    None
d - Tukima's Dance        Hex            ######..     1%          3    None
e - Dazzling Spray        Conj/Hex       ######..     1%          3    None
f - Malign Gateway        Summ/Tloc      ######....   45%         7    ######.
g - Controlled Blink      Tloc           N/A          95%         8    #######
h - Disjunction           Tloc           ######....   95%         8    #######


Dungeon Overview and Level Annotations

Branches:
Dungeon (1/1)

Altars:
Cheibriados
Dithmenos
Elyvilon
Fedhas
Gozag
Kikubaaqudgha
Makhleb
Nemelex Xobeh
Okawaru
Qazlal
Ru
Sif Muna
Trog
Vehumet
Xom
Yredelemnul
Zin
The Shining One
Jiyva
Lugonu

Shops:
D (!=(!=(


Innate Abilities, Weirdness & Mutations

You are tiny and cannot use many weapons and most armour.
You have supernaturally acute eyesight.
You are a herbivore.
You cover ground extremely quickly.
You need consume almost no food.
You possess an exceptional clarity of mind.
Armour fits poorly on your strangely shaped body.
You passively map the area around you.
You evolve.


Message History

Casting: Dazzling Spray
Confirm with . or Enter, or press ? or * to list all spells.
Aiming: Dazzling Spray
Press: ? - help, Shift-Dir - straight line, f/p - azure jelly
Aim: an azure jelly (black smoke, almost dead, umbra)
The spray of energy misses the azure jelly.
The azure jelly completely misses you. x2
The azure jelly misses you. The azure jelly completely misses you.
Unknown command.
Casting: Dazzling Spray
Confirm with . or Enter, or press ? or * to list all spells.
Aiming: Dazzling Spray
Press: ? - help, Shift-Dir - straight line, f/p - azure jelly
Aim: an azure jelly (black smoke, almost dead, umbra)
The spray of energy hits the azure jelly.
The azure jelly is almost dead.
The azure jelly hits you.
You emit a cloud of dark smoke.
The azure jelly freezes you!!!
Ouch! That really hurt!
You die...

▓..%+.≈≈≈.≈≈≈≈♣♣.....♣♣♣♣≈≈≈.....
▓...#.≈≈≈.§§≈≈♣♣.≈≈≈≈'♣♣'♣≈≈≈≈≈≈≈
▓...#≈.≈§§§§≈≈≈'....:#.≈♣♣♣♣♣♣♣♣♣
▓.%.#≈≈≈≈≈§§≈≈♣♣♣♣♣♣♣#..♣♣
▓...#≈≈≈≈§§§§≈♣ ###+♣♣♣♣♣♣♣♣
▓##+####'#######♣ ♣♣♣♣.##..##≈≈
▓...........)...♣♣ ♣...##.##.#≈≈
▓#'#############+♣ ♣♣.##.##.##+≈
▓...#≈......§§§J@♣ ♣..#.##...#≈
▓...'≈≈...########♣♣ ♣♣.##.##.)#≈
▓J..#≈≈≈...........♣ ♣♣.##.#####.
▓JJ.#≈≈≈≈..........♣ ♣.....##....
#+#############+#############+###
* *** #...........###.♣♣ * * ,
#............##♣.♣ * , ,*
###########..# ♣.♣♣ , *
##...........# ♣♣.♣


You could see an azure jelly.

Vanquished Creatures
  Rupert (D)
  A deep elf master archer (D)
  Gastronok (D)
  A greater naga (D)
  Maud (D)
  2 deep elf demonologists (D)
  2 dire elephants (D)
  2 deep elf annihilators (D)
  2 deep elf high priests (D)
  A naga warrior (D)
  2 hydras (D)
  4 death yaks (D)
  Erica (D)
  4 anacondas (D)
  A centaur warrior (D)
  A spriggan druid (D)
  3 deep elf knights (D)
  A death drake (D)
  2 swamp dragons (D)
  A lindwurm (D)
  An unseen horror (D)
  2 deep elf conjurers (D)
  A guardian serpent (D)
  2 elephants (D)
  6 black mambas (D)
  A komodo dragon (D)
  2 spiny frogs (D)
  A fire drake (D)
  A queen bee (D)
  3 wandering mushrooms (D)
  A deep elf priest (D)
  8 blink frogs (D)
  A shadow (D)
  3 redbacks (D)
  2 spriggans (D)
  A spatial vortex (D)
  A naga (D)
  9 water moccasins (D)
  3 swamp drakes (D)
  A necrophage (D)
  3 orc warriors (D)
  2 centaurs (D)
  An earth elemental (D)
  2 brain worms (D)
  A water elemental (D)
  An electric eel (D)
  32 killer bees (D)
  3 orc wizards (D)
  A wizard (D)
  A jelly (D)
  An orc priest (D)
  Jessica (D)
  A necromancer (D)
  3 humans (D)
  A kobold demonologist (D)
  An adder (D)
  A phantom (D)
  11 orcs (D)
  3 rats (D)
  5 plants (D)
159 creatures vanquished.

Vanquished Creatures (collateral kills)
  A naga (D)
1 creature vanquished.

Vanquished Creatures (others)
  2 draconian scorchers (D)
  3 yaktaurs (D)
  6 plants (D)
11 creatures vanquished.

Grand Total: 171 creatures vanquished

Notes
Turn   | Place    | Note
--------------------------------------------------------------
     0 | D        | Kidiri the Spriggan Enchanter began the quest for the Orb.
     0 | D        | Reached XP level 1. HP: 9/9 MP: 5/5
    16 | D        | Noticed Jessica
    18 | D        | Killed Jessica
    18 | D        | Reached skill level 1 in Fighting
    18 | D        | Reached skill level 1 in Armour
    18 | D        | Reached skill level 5 in Stealth
    18 | D        | Reached XP level 2. HP: 12/14 MP: 5/7
    19 | D        | Reached skill level 6 in Stealth
    23 | D        | Learned a level 2 spell: Ensorcelled Hibernation
    92 | D        | Reached XP level 3. HP: 16/18 MP: 1/9
   105 | D        | Learned a level 3 spell: Confuse
   109 | D        | Learned a level 3 spell: Dazzling Spray
   214 | D        | Gained mutation: You tend to lose your temper in combat. [potion of mutation]
   214 | D        | Lost mutation: You tend to lose your temper in combat. [potion of mutation]
   214 | D        | Gained mutation: You evolve. [potion of mutation]
   233 | D        | Killed a white draconian scorcher
   275 | D        | Killed a white draconian scorcher
   286 | D        | Noticed a water elemental
   301 | D        | Killed a water elemental
   301 | D        | Reached skill level 5 in Dodging
   301 | D        | Reached skill level 7 in Stealth
   301 | D        | Reached skill level 5 in Spellcasting
   301 | D        | Reached skill level 1 in Ice Magic
   301 | D        | Reached XP level 4. HP: 5/23 MP: 7/12
   326 | D        | Gained mutation: You passively map a small area around you. [potion of mutation]
   326 | D        | Gained mutation: You passively map the area around you. [potion of mutation]
   326 | D        | Gained mutation: You possess an exceptional clarity of mind. [potion of mutation]
   402 | D        | Killed a yaktaur
   562 | D        | Learned a level 3 spell: Tukima's Dance
   578 | D        | Noticed a jelly
   579 | D        | Noticed a shadow
   581 | D        | Killed a shadow
   581 | D        | Reached skill level 5 in Short Blades
   581 | D        | Reached skill level 9 in Stealth
   581 | D        | Reached skill level 1 in Conjurations
   581 | D        | Reached skill level 5 in Hexes
   581 | D        | Reached XP level 5. HP: 27/27 MP: 12/14
   585 | D        | Killed a jelly
   585 | D        | Reached XP level 6. HP: 32/32 MP: 12/16
   614 | D        | Found a stormy altar of Qazlal.
   615 | D        | Noticed a spatial vortex
   615 | D        | Found a sacrificial altar of Ru.
   615 | D        | Found a burning altar of Makhleb.
   615 | D        | Found a viscous altar of Jiyva.
   615 | D        | Found a shimmering altar of Xom.
   615 | D        | Found a shadowy altar of Dithmenos.
   615 | D        | Found a sparkling altar of Nemelex Xobeh.
   615 | D        | Found a corrupted altar of Lugonu.
   615 | D        | Found an opulent altar of Gozag.
   619 | D        | Became a worshipper of Dithmenos the Shadowed
   645 | D        | Killed a spatial vortex
   645 | D        | Reached skill level 10 in Stealth
   645 | D        | Reached skill level 1 in Invocations
   761 | D        | Found a radiant altar of Vehumet.
   762 | D        | Found a deep blue altar of Sif Muna.
   762 | D        | Found an ancient bone altar of Kikubaaqudgha.
   762 | D        | Noticed a wizard
   763 | D        | Killed a wizard
   765 | D        | Reached * piety under Dithmenos
   782 | D        | Found a glowing silver altar of Zin.
   783 | D        | Found a glowing golden altar of the Shining One.
   783 | D        | Found a white marble altar of Elyvilon.
   783 | D        | Noticed a deep elf priest
   785 | D        | Killed a deep elf priest
   785 | D        | Reached XP level 7. HP: 36/36 MP: 19/19
   804 | D        | Learned a level 7 spell: Malign Gateway
   805 | D        | Found an iron altar of Okawaru.
   806 | D        | Found a bloodstained altar of Trog.
   806 | D        | Noticed a human
   806 | D        | Noticed a human
   808 | D        | Killed a human
   808 | D        | Reached skill level 11 in Stealth
   808 | D        | Reached skill level 1 in Translocations
   809 | D        | Killed a human
   809 | D        | Reached ** piety under Dithmenos
   809 | D        | Reached skill level 10 in Dodging
   809 | D        | Reached skill level 1 in Summonings
   826 | D        | Found a snail-covered altar of Cheibriados.
   826 | D        | Noticed a necrophage
   827 | D        | Found a basalt altar of Yredelemnul.
   827 | D        | Found a blossoming altar of Fedhas.
   827 | D        | Noticed a necromancer
   831 | D        | Killed a necromancer
   838 | D        | Killed a necrophage
   838 | D        | Reached XP level 8. HP: 17/42 MP: 6/21
  1027 | D        | Noticed Erica
  1029 | D        | Killed Erica
  1029 | D        | Reached skill level 12 in Stealth
  1037 | D        | Noticed an earth elemental
  1039 | D        | Killed an earth elemental
  1063 | D        | Noticed a centaur
  1063 | D        | Noticed a centaur warrior
  1063 | D        | Noticed a centaur
  1066 | D        | Killed a centaur warrior
  1066 | D        | Reached skill level 13 in Stealth
  1066 | D        | Reached skill level 10 in Spellcasting
  1066 | D        | Reached skill level 5 in Translocations
  1066 | D        | Reached XP level 9. HP: 46/46 MP: 22/24
  1067 | D        | Killed a centaur
  1067 | D        | Reached *** piety under Dithmenos
  1068 | D        | Killed a centaur
  1078 | D        | Learned a level 8 spell: Controlled Blink
  1157 | D        | Noticed an unseen horror
  1159 | D        | Killed an unseen horror
  1169 | D        | Noticed a killer bee
  1169 | D        | Noticed a killer bee
  1169 | D        | Noticed a killer bee
  1169 | D        | Noticed a killer bee
  1169 | D        | Noticed a killer bee
  1169 | D        | Noticed a killer bee
  1169 | D        | Noticed a killer bee
  1169 | D        | Noticed a killer bee
  1169 | D        | Noticed a killer bee
  1169 | D        | Noticed a killer bee
  1169 | D        | Noticed a killer bee
  1169 | D        | Noticed a killer bee
  1169 | D        | Noticed a killer bee
  1169 | D        | Noticed a killer bee
  1169 | D        | Noticed a killer bee
  1170 | D        | Noticed a killer bee
  1170 | D        | Noticed a killer bee
  1170 | D        | Noticed a killer bee
  1170 | D        | Noticed a killer bee
  1170 | D        | Noticed a queen bee
  1170 | D        | Noticed a killer bee
  1170 | D        | Noticed a killer bee
  1170 | D        | Noticed a killer bee
  1170 | D        | Noticed a killer bee
  1170 | D        | Noticed a killer bee
  1170 | D        | Noticed a killer bee
  1170 | D        | Noticed a killer bee
  1170 | D        | Noticed a killer bee
  1170 | D        | Noticed a killer bee
  1170 | D        | Noticed a killer bee
  1170 | D        | Noticed a killer bee
  1170 | D        | Noticed a killer bee
  1170 | D        | Noticed a killer bee
  1174 | D        | Killed a killer bee
  1178 | D        | Killed a killer bee
  1182 | D        | Killed a killer bee
  1182 | D        | Reached **** piety under Dithmenos
  1184 | D        | Killed a killer bee
  1186 | D        | Killed a killer bee
  1188 | D        | Killed a killer bee
  1192 | D        | Killed a killer bee
  1362 | D        | Killed a killer bee
  1362 | D        | Reached ***** piety under Dithmenos
  1365 | D        | Killed a killer bee
  1368 | D        | Killed a killer bee
  1368 | D        | Reached skill level 5 in Fighting
  1370 | D        | Killed a killer bee
  1372 | D        | Killed a killer bee
  1374 | D        | Killed a killer bee
  1376 | D        | Killed a killer bee
  1379 | D        | Killed a killer bee
  1379 | D        | Reached skill level 14 in Stealth
  1382 | D        | Killed a killer bee
  1384 | D        | Killed a killer bee
  1413 | D        | HP: 1/47 [queen bee (19)]
  1415 | D        | Killed a queen bee
  1415 | D        | Reached skill level 10 in Short Blades
  1415 | D        | Reached XP level 10. HP: 24/51 MP: 18/26
  1581 | D        | Killed a killer bee
  1590 | D        | Killed a killer bee
  1593 | D        | Killed a killer bee
  1597 | D        | Killed a killer bee
  1599 | D        | Killed a killer bee
  1599 | D        | Reached ****** piety under Dithmenos
  1602 | D        | Killed a killer bee
  1602 | D        | Reached skill level 5 in Ice Magic
  1604 | D        | Killed a killer bee
  1742 | D        | Killed a killer bee
  1745 | D        | Killed a killer bee
  1746 | D        | Killed a killer bee
  1749 | D        | Killed a killer bee
  1749 | D        | Killed a killer bee
  1751 | D        | Killed a killer bee
  1752 | D        | Killed a killer bee
  1763 | D        | Killed a killer bee
  1849 | D        | Killed a yaktaur
  1897 | D        | Killed a yaktaur
  1999 | D        | Noticed a wandering mushroom
  2000 | D        | Noticed a wandering mushroom
  2000 | D        | Noticed a wandering mushroom
  2001 | D        | Killed a wandering mushroom
  2003 | D        | Killed a wandering mushroom
  2004 | D        | Killed a wandering mushroom
  2004 | D        | Reached skill level 15 in Stealth
  2042 | D        | Noticed a spiny frog
  2042 | D        | Noticed a komodo dragon
  2042 | D        | Noticed a spiny frog
  2047 | D        | Killed a spiny frog
  2055 | D        | Killed a komodo dragon
  2058 | D        | Killed a spiny frog
  2058 | D        | Reached skill level 5 in Armour
  2113 | D        | Noticed a redback
  2115 | D        | Killed a redback
  2116 | D        | Noticed a brain worm
  2120 | D        | Killed a brain worm
  2123 | D        | Noticed a brain worm
  2125 | D        | Killed a brain worm
  2131 | D        | Noticed a lindwurm
  2133 | D        | Noticed a redback
  2134 | D        | Killed a lindwurm
  2136 | D        | Killed a redback
  2141 | D        | Noticed a redback
  2142 | D        | Killed a redback
  2143 | D        | Noticed Maud
  2145 | D        | Killed Maud
  2145 | D        | Reached skill level 16 in Stealth
  2145 | D        | Reached XP level 11. HP: 56/56 MP: 28/28
  2160 | D        | Learned a level 8 spell: Disjunction
  2163 | D        | Noticed an electric eel
  2164 | D        | Noticed a five-headed hydra
  2164 | D        | Noticed a four-headed hydra
  2165 | D        | Killed an electric eel
  2167 | D        | Killed a five-headed hydra
  2167 | D        | Reached skill level 5 in Conjurations
  2168 | D        | Killed a four-headed hydra
  2280 | D        | Noticed a death drake
  2282 | D        | Killed a death drake
  2304 | D        | Found a blossoming altar of Fedhas.
  2304 | D        | Noticed a spriggan
  2304 | D        | Noticed a spriggan druid
  2304 | D        | Noticed a spriggan
  2306 | D        | Killed a spriggan
  2307 | D        | Killed a spriggan druid
  2307 | D        | Reached skill level 15 in Dodging
  2308 | D        | Killed a spriggan
  2339 | D        | Noticed a swamp drake
  2341 | D        | Killed a swamp drake
  2341 | D        | Reached skill level 5 in Summonings
  2344 | D        | Noticed a swamp drake
  2345 | D        | Noticed a swamp dragon
  2345 | D        | Found Hopputum's Distillery.
  2345 | D        | Found Piluqyxt's Jewellery Shop.
  2346 | D        | Killed a swamp drake
  2347 | D        | Found Nevuemu's Antique Weapon Shoppe.
  2348 | D        | Killed a swamp dragon
  2348 | D        | Reached skill level 17 in Stealth
  2408 | D        | Noticed a swamp dragon
  2411 | D        | Killed a swamp dragon
  2570 | D        | Noticed a swamp drake
  2570 | D        | Noticed a fire drake
  2571 | D        | Killed a fire drake
  2573 | D        | Killed a swamp drake
  2590 | D        | Noticed a blink frog
  2590 | D        | Noticed a blink frog
  2590 | D        | Noticed a blink frog
  2590 | D        | Noticed a blink frog
  2591 | D        | Noticed a blink frog
  2592 | D        | Killed a blink frog
  2595 | D        | Killed a blink frog
  2600 | D        | Killed a blink frog
  2600 | D        | Reached skill level 10 in Hexes
  2604 | D        | Killed a blink frog
  2609 | D        | Killed a blink frog
  2609 | D        | Reached skill level 10 in Translocations
  2673 | D        | Noticed Rupert
  2678 | D        | Killed Rupert
  2678 | D        | Reached XP level 12. HP: 63/63 MP: 25/31
  2708 | D        | Noticed a death yak
  2709 | D        | Noticed a death yak
  2709 | D        | Noticed a blink frog
  2710 | D        | Noticed an azure jelly
  2710 | D        | Noticed a death yak
  2710 | D        | Noticed an azure jelly
  2710 | D        | Noticed a blink frog
  2710 | D        | Noticed a death yak
  2711 | D        | Noticed a blink frog
  2711 | D        | Killed a blink frog
  2718 | D        | Killed a death yak
  2861 | D        | Noticed a black mamba
  2865 | D        | Killed a blink frog
  2865 | D        | Reached skill level 18 in Stealth
  2868 | D        | Noticed a black mamba
  2868 | D        | Killed a black mamba
  2881 | D        | Killed a death yak
  2886 | D        | Killed a death yak
  2890 | D        | Killed a death yak
  2939 | D        | Killed a blink frog
  2974 | D        | Killed a black mamba
  3078 | D        | Noticed a water moccasin
  3078 | D        | Noticed an anaconda
  3080 | D        | Killed a water moccasin
  3363 | D        | Killed an anaconda
  3391 | D        | Noticed a water moccasin
  3393 | D        | Killed a water moccasin
  3395 | D        | Noticed an anaconda
  3395 | D        | Noticed a black mamba
  3395 | D        | Noticed a black mamba
  3395 | D        | Noticed a black mamba
  3397 | D        | Killed a black mamba
  3400 | D        | Killed a black mamba
  3409 | D        | Killed an anaconda
  3447 | D        | Killed a black mamba
  3468 | D        | Noticed a black mamba
  3468 | D        | Noticed a water moccasin
  3468 | D        | Noticed a water moccasin
  3468 | D        | Noticed a water moccasin
  3468 | D        | Noticed a water moccasin
  3468 | D        | Noticed an anaconda
  3468 | D        | Noticed an anaconda
  3468 | D        | Noticed a water moccasin
  3469 | D        | Killed a black mamba
  3470 | D        | Noticed a water moccasin
  3470 | D        | Noticed a water moccasin
  3471 | D        | Killed a water moccasin
  3482 | D        | Killed an anaconda
  3482 | D        | Reached skill level 19 in Stealth
  3485 | D        | Killed a water moccasin
  3485 | D        | Reached skill level 15 in Spellcasting
  3487 | D        | Killed a water moccasin
  3489 | D        | Killed a water moccasin
  3496 | D        | Killed a water moccasin
  3508 | D        | Killed a water moccasin
  3594 | D        | Noticed a naga
  3598 | D        | Killed a naga
  3602 | D        | Noticed a naga
  3603 | D        | Killed an anaconda
  3612 | D        | Killed a naga
  3615 | D        | Killed a water moccasin
  3744 | D        | Noticed a naga warrior
  3744 | D        | Noticed a greater naga
  3745 | D        | Found Jouqat's Antique Weapon Boutique.
  3745 | D        | Found Idwa's Distillery.
  3745 | D        | Found Fuajixys's Jewellery Shop.
  3746 | D        | Killed a greater naga
  3747 | D        | Killed a naga warrior
  3758 | D        | Noticed a guardian serpent
  3760 | D        | Killed a guardian serpent
  3760 | D        | Reached XP level 13. HP: 68/68 MP: 26/33
  3764 | D        | Got a serpentine rune of Zot
  3841 | D        | Noticed an azure jelly
  3841 | D        | Noticed an azure jelly
  3842 | D        | Noticed an elephant
  3842 | D        | Noticed an elephant
  3842 | D        | Noticed a dire elephant
  3842 | D        | Noticed a dire elephant
  3842 | D        | Noticed Gastronok
  3844 | D        | Killed Gastronok
  3845 | D        | Killed a dire elephant
  3847 | D        | Killed a dire elephant
  3855 | D        | Killed an elephant
  3857 | D        | Killed an elephant
  4224 | D        | Noticed an orc wizard
  4224 | D        | Noticed an orc priest
  4225 | D        | Killed an orc priest
  4226 | D        | Killed an orc wizard
  4227 | D        | Noticed an orc warrior
  4227 | D        | Noticed an orc warrior
  4229 | D        | Noticed an orc wizard
  4229 | D        | Noticed an orc wizard
  4229 | D        | Noticed an orc warrior
  4229 | D        | Killed an orc wizard
  4232 | D        | Killed an orc warrior
  4234 | D        | Killed an orc warrior
  4234 | D        | Reached skill level 20 in Stealth
  4238 | D        | Killed an orc warrior
  4242 | D        | Killed an orc wizard
  4257 | D        | Found Haownadgh's Weapon Shoppe.
  4414 | D        | Bought a potion of magic for 80 gold pieces
  4414 | D        | Bought a potion of heal wounds for 50 gold pieces
  4414 | D        | Bought a potion of curing for 30 gold pieces
  4414 | D        | Bought a potion of curing for 30 gold pieces
  4415 | D        | Bought the ring "Isirr" {MR+ Dex+3} for 367 gold pieces
  4416 | D        | Bought a glowing rapier for 96 gold pieces
  4549 | D        | Bought a potion of haste for 110 gold pieces
  4549 | D        | Bought 2 potions of curing for 66 gold pieces
  4549 | D        | Bought a potion of curing for 33 gold pieces
  4549 | D        | Bought a potion of heal wounds for 55 gold pieces
  4549 | D        | Bought a potion of heal wounds for 55 gold pieces
  4549 | D        | Bought a potion of curing for 33 gold pieces
  4690 | D        | Noticed a deep elf knight
  4690 | D        | Noticed a deep elf conjurer
  4690 | D        | Noticed a deep elf conjurer
  4690 | D        | Noticed a deep elf knight
  4690 | D        | Noticed a deep elf knight
  4696 | D        | Noticed a deep elf annihilator
  4698 | D        | Killed a deep elf knight
  4700 | D        | Killed a deep elf knight
  4702 | D        | Killed a deep elf knight
  4703 | D        | Killed a deep elf conjurer
  4704 | D        | Killed a deep elf conjurer
  4705 | D        | Noticed a deep elf demonologist
  4714 | D        | Killed a deep elf annihilator
  4762 | D        | Noticed a deep elf demonologist
  4764 | D        | Noticed a deep elf annihilator
  4766 | D        | Noticed a deep elf high priest
  4790 | D        | Noticed a deep elf master archer
  5009 | D        | Noticed a deep elf high priest
  5020 | D        | Killed a deep elf demonologist
  5340 | D        | Killed a deep elf master archer
  5340 | D        | Reached skill level 15 in Short Blades
  5756 | D        | Gained mutation: Armour fits poorly on your strangely shaped body. [evolution]
  5763 | D        | Killed a deep elf high priest
  5837 | D        | Killed a deep elf demonologist
  5878 | D        | Killed a deep elf annihilator
  6443 | D        | Killed a deep elf high priest
  6714 | D        | Demolished by an azure jelly

Action                   |  1- 3 |  4- 6 |  7- 9 | 10-12 | 13-15 || total
-------------------------+-------+-------+-------+-------+-------++-------
Melee: Dagger            |    31 |    15 |    62 |   135 |   108 ||   351
       Short sword       |       |       |       |       |   143 ||   143
       Rapier            |       |       |       |       |     8 ||     8
 Cast: Corona            |     3 |       |     1 |     1 |       ||     5
       Ensorcelled Hiber |     2 |       |    24 |    55 |     2 ||    83
       Dazzling Spray    |     4 |     5 |     7 |    29 |    74 ||   119
       Confuse           |       |       |     1 |     1 |       ||     2
       Tukima's Dance    |       |       |       |     4 |       ||     4
Invok: Shadow Step       |       |       |     1 |    16 |       ||    17
  Use: Potion            |     3 |     2 |     3 |       |       ||     8
       Scroll            |     4 |       |       |     1 |       ||     5
 Stab: Sleeping          |     3 |     5 |    24 |    61 |     9 ||   102
       Invisible         |       |       |     2 |     9 |     3 ||    14
  Eat: Bread ration      |       |       |       |     1 |       ||     1
